 Dungeon Crawl Stone Soup version 0.24.0 (webtiles) character file.

Game seed: 14797507935127656286, levelgen mode: deterministic

9310 Mrkan the Grappler (level 11, -1/108 (109) HPs)
             Began as a Troll Monk on Oct 25, 2019.
             Was a High Priest of Ru.
             Slain by a troll (5 damage)
             ... on level 11 of the Dungeon.
             The game lasted 00:23:24 (9377 turns).

Mrkan the Grappler (Troll Monk)                     Turns: 9377, Time: 00:23:24

HP:   -1/108 (109)  AC:  7    Str: 31    XL:     11   Next: 21%
MP:   5/10          EV:  4    Int: 12    God:    Ru [*****.]
Gold: 360           SH: 12    Dex: 14    Spells: 10/10 levels left

rFire    . . .     SeeInvis .     - Unarmed
rCold    . . .     Gourm    +   F - +0 shield
rNeg     . . .     Faith    .   a - +0 robe
rPois    .         Spirit   .   (helmet restricted)
rElec    .         Reflect  .   N - +0 cloak
rCorr    .         Harm     .   (gloves unavailable)
MR       .....     Clarity  +   (boots unavailable)
Stlth    ..........             (no amulet)
HPRegen  0.68/turn              H - +4 ring of strength
MPRegen  0.12/turn              K - +4 ring of intelligence

@: mighty, drained
A: large, unfitting armour, claws 3, agile 1, clarity, fast metabolism 3,
gourmand, mutation resistance 1, regeneration 1, shaggy fur 1, tough skin 3, no
stealth, inability to train armour, reduced EV 1, inexperienced 1
a: Draw Out Power, Power Leap, Apocalypse, Renounce Religion


You were on level 11 of the Dungeon.
You worshipped Ru.
Ru was extremely pleased with you.
You were completely stuffed.

You visited 1 branch of the dungeon, and saw 11 of its levels.
You also visited: Sewer.

You collected 713 gold pieces.
You spent 353 gold pieces at shops.

Inventory:

Hand Weapons
 m - a cursed +0 shortbow
 B - a +0 giant club
 C - a +0 giant spiked club
Missiles
 e - 404 stones (quivered)
 f - a throwing net
 j - 10 boomerangs
 E - 5 large rocks
 J - 3 silver boomerangs
Armour
 a - a +0 robe (worn)
 F - a +0 shield (worn)
 N - a +0 cloak (worn)
Jewellery
 A - an uncursed ring of ice
 H - a +4 ring of strength (left claw)
 K - a +4 ring of intelligence (right claw)
 L - an uncursed ring of protection from magic {unknown}
 R - a cursed -4 ring of intelligence
Wands
 p - a wand of paralysis (6)
 x - a wand of flame (33)
 D - a wand of scattershot (4)
 P - a wand of digging (7)
Scrolls
 c - 2 scrolls of blinking
 i - 4 scrolls of remove curse
 k - 11 scrolls of teleportation
 o - 6 scrolls of identify
 r - a scroll of fog {unknown}
 t - 4 scrolls of immolation {unknown}
 v - 3 scrolls of amnesia {unknown}
 y - 4 scrolls of random uselessness {unknown}
 z - 3 scrolls of fear {unknown}
 G - a scroll of brand weapon {unknown}
 M - a scroll of enchant weapon {unknown}
 Q - 4 scrolls of magic mapping {unknown}
 S - a scroll of enchant armour {unknown}
Potions
 d - 2 potions of agility {unknown}
 g - 3 potions of haste {unknown}
 l - a potion of degeneration {unknown}
 n - 3 potions of invisibility {unknown}
 q - 4 potions of flight
 s - 4 potions of curing
 w - a potion of berserk rage {unknown}
 I - 2 potions of mutation
 O - a potion of heal wounds
Comestibles
 b - 29 rations
 u - 9 chunks of flesh


   Skills:
 + Level 7.2(6.0) Fighting
 + Level 7.5(6.2) Throwing
 - Level 2.4(1.3) Dodging
 - Level 9.0(7.7) Shields
 - Level 10.1(8.8) Unarmed Combat


You had 10 spell levels left.
You didn't know any spells.
Your spell library contained the following spells:

 Spells                   Type           Power        Failure   Level  Hunger
 Animate Skeleton         Necr           N/A          41%         1    ##.....
 Freeze                   Ice            #...         41%         1    ##.....
 Pain                     Necr           #...         41%         1    ##.....
 Summon Butterflies       Summ           #.......     41%         1    ##.....
 Throw Frost              Conj/Ice       #.....       54%         2    ###....
 Call Canine Familiar     Summ           #.......     78%         3    ####...
 Ozocubu's Armour         Chrm/Ice       #.......     78%         3    ####...
 Regeneration             Chrm/Necr      #.........   78%         3    ####...
 Vampiric Draining        Necr           #.........   78%         3    ####...
 Animate Dead             Necr           N/A          99%         4    #####..
 Summon Ice Beast         Ice/Summ       #.......     99%         4    #####..
 Throw Icicle             Conj/Ice       #.......     99%         4    #####..
 Summon Mana Viper        Hex/Summ       #.......     100%        5    ######.
 Summon Hydra             Summ           #.........   100%        7    #######


Dungeon Overview and Level Annotations

Branches:
Dungeon (11/15)            Temple (0/1) D:5            Lair (0/6) D:8
    Orc (0/2) D:11          Sewer (visited)

Altars:
Ashenzari
Cheibriados
Dithmenos
Elyvilon
Fedhas
Gozag
Hepliaklqana
Qazlal
Ru
Sif Muna
Vehumet
Wu Jian
Yredelemnul
Zin
The Shining One
Beogh

Shops:
D:6 !   D:8 !


Innate Abilities, Weirdness & Mutations

You are too large for most types of armour.
You have claws for hands.
Your metabolism is lightning-fast.
You like to eat raw meat.
Your natural rate of healing is unusually fast.
You are covered in fur. (AC +1)
You have extremely tough skin. (AC +3)
You cannot be stealthy.
You cannot train Armour skill.
You have somewhat slow reflexes. (EV -5)
You are somewhat inexperienced. (-2 XL)
You are agile. (Dex +2)
You possess an exceptional clarity of mind.
You are somewhat resistant to further mutation.


Message History

You scratch the two-headed ogre.
The two-headed ogre is severely wounded.
The two-headed ogre hits you with a +0 giant spiked club!
* * * LOW HITPOINT WARNING * * *
The two-headed ogre hits you with a +0 giant spiked club.
* * * LOW HITPOINT WARNING * * *
You closely miss the two-headed ogre.
The two-headed ogre is severely wounded.
The troll bites you but does no damage. You block the troll's attack.
The troll claws you.
* * * LOW HITPOINT WARNING * * *
You see here a troll skeleton.
A wraith comes into view.
The two-headed ogre is no longer moving slowly.
You feel less exhausted. The troll bites you!!
* * * LOW HITPOINT WARNING * * *
You focus your will and paralyse the troll in retribution!
The troll claws you.
You die...

...... ...# #W..# ..#
##...#####.###
#............## ## .
#....†..÷.....## .##..
...#........###...#
.....
.....#...†.O)##.##..#
.....
..)..#....T#.#._.#.##
.....
....+....@#.......#
.....
....#.....##.....##
.##.. #..###..##.##...##
.#######..#######+######
..'.......#........
..#.......'........
..#.......#........
)##<......#......
.##.......##...#


You could see a two-headed ogre, a troll (paralysed) and a wraith.

Vanquished Creatures
  A two-headed ogre (D:10)
  A gargoyle (D:11)
  A troll (D:11)
  Prince Ribbit (D:6)
  A hippogriff (D:7)
  3 wyverns
  4 hogs (D:7)
  A human (D:7)
  3 hungry ghosts
  7 yaks (D:10)
  Eustachio (D:6)
  A water moccasin (D:9)
  5 porcupines (D:8)
  Duvessa (D:6)
  6 orc warriors
  2 sky beasts
  4 ice beasts
  A necrophage (D:9)
  5 black bears
  A phantom (D:4)
  7 ogres
  3 centaurs
  Blork the orc (D:5)
  3 big kobolds
  A wyvern zombie (D:7)
  6 bullfrogs
  A water moccasin zombie (D:10)
  9 killer bees
  3 scorpions
  Dowan (D:6)
  3 howler monkeys
  13 wights
  8 crimson imps
  A jelly (D:7)
  A quasit (D:11)
  Crazy Yiuf (D:7)
  3 bullfrog zombies
  2 bullfrog skeletons
  3 centaur skeletons
  2 hounds
  8 orc wizards
  6 orc priests
  3 iguanas
  10 worker ants
  A hound skeleton (D:6)
  A worker ant zombie (D:8)
  14 adders
  3 gnolls (D:8)
  5 shadow imps
  4 oozes
  An adder zombie (D:9)
  5 worms
  2 dart slugs (D:3)
  5 leopard geckos
  54 orcs
  7 bats
  6 giant cockroaches
  11 goblins
  4 hobgoblins (D:1)
  4 jackals
  13 kobolds
  3 quokkas
  4 ball pythons
  6 frilled lizards
  A leopard gecko zombie (D:5)
  A quokka skeleton (D:6)
  12 rats
  A plant (D:8)
317 creatures vanquished.

Vanquished Creatures (others)
  8 fungi (D:8)
8 creatures vanquished.

Grand Total: 325 creatures vanquished

Notes
Turn   | Place    | Note
-------+----------+-------------------------------------------
     0 | D:1      | Mrkan the Troll Monk began the quest for the Orb.
     0 | D:1      | Reached XP level 1. HP: 22/22 MP: 0/0
   236 | D:1      | Reached XP level 2. HP: 29/29 MP: 1/1
   828 | D:2      | Reached skill level 4 in Unarmed Combat
   828 | D:2      | Reached XP level 3. HP: 36/36 MP: 2/2
  1090 | D:2      | You fall into a shaft and drop 2 floors!
  1146 | D:3      | Reached XP level 4. HP: 45/45 MP: 3/3
  1214 | D:3      | Found a glowing drain.
  1225 | Sewer    | Entered a sewer
  1255 | Sewer    | Noticed a big kobold
  1269 | Sewer    | Killed a big kobold
  1269 | Sewer    | Reached skill level 5 in Unarmed Combat
  1269 | Sewer    | Reached XP level 5. HP: 51/53 MP: 4/4
  1421 | Sewer    | Reached XP level 6. HP: 61/62 MP: 5/5
  1483 | D:3      | Found a glowing golden altar of the Shining One.
  1572 | D:3      | Reached skill level 6 in Unarmed Combat
  2328 | D:4      | Found a stormy altar of Qazlal.
  2536 | D:4      | Reached XP level 7. HP: 42/70 MP: 6/6
  2585 | D:4      | Reached skill level 7 in Unarmed Combat
  2737 | D:5      | Entered Level 5 of the Dungeon
  2737 | D:5      | Found a basalt altar of Yredelemnul.
  2737 | D:5      | Found a white marble altar of Elyvilon.
  2738 | D:5      | Found an opulent altar of Gozag.
  2738 | D:5      | Found an ornate altar of the Wu Jian Council.
  2738 | D:5      | Found a hazy altar of Hepliaklqana.
  2738 | D:5      | Found a shattered altar of Ashenzari.
  2739 | D:5      | Found a sacrificial altar of Ru.
  2741 | D:5      | Noticed Blork the orc
  2749 | D:5      | Became a worshipper of Ru the Awakened
  2760 | D:5      | Killed Blork the orc
  2762 | D:5      | Gained mutation: You cannot train Armour skill. [Ru
                  | sacrifice]
  2762 | D:5      | Reached * piety under Ru
  2864 | D:5      | Reached skill level 8 in Unarmed Combat
  2883 | D:5      | Found a staircase to the Ecumenical Temple.
  3006 | D:5      | Reached skill level 5 in Fighting
  3116 | D:5      | Reached XP level 8. HP: 71/80 MP: 7/7
  3892 | D:6      | Found a shimmering blue altar of Sif Muna.
  3960 | D:6      | Reached skill level 9 in Unarmed Combat
  3961 | D:6      | Noticed Prince Ribbit
  3977 | D:6      | Killed Prince Ribbit
  4122 | D:6      | Noticed Dowan
  4129 | D:6      | Killed Dowan
  4158 | D:6      | Reached skill level 10 in Unarmed Combat
  4162 | D:6      | Noticed Duvessa
  4179 | D:6      | Killed Duvessa
  4179 | D:6      | Reached XP level 9. HP: 20/89 MP: 8/8
  4336 | D:6      | Reached skill level 1 in Shields
  4623 | D:6      | Found a blossoming altar of Fedhas.
  4661 | D:6      | Noticed Eustachio
  4672 | D:6      | Killed Eustachio
  4923 | D:6      | Found Umul's Distillery.
  4930 | D:6      | Bought a potion of heal wounds for 65 gold pieces
  4930 | D:6      | Bought a potion of curing for 39 gold pieces
  4930 | D:6      | Bought a potion of curing for 39 gold pieces
  5209 | D:7      | Reached skill level 1 in Throwing
  5210 | D:7      | Gained mutation: You are somewhat inexperienced. (-2 XL)
                  | [Ru sacrifice]
  5210 | D:7      | Reached XP level 8. HP: 84/84 MP: 7/7
  5210 | D:7      | Reached XP level 7. HP: 76/76 MP: 6/6
  5210 | D:7      | Reached ** piety under Ru
  5210 | D:7      | Reached *** piety under Ru
  5221 | D:7      | Noticed a human
  5221 | D:7      | Noticed a hog
  5221 | D:7      | Noticed a hog
  5221 | D:7      | Noticed a hog
  5221 | D:7      | Noticed a hog
  5235 | D:7      | Killed a hog
  5238 | D:7      | Killed a hog
  5238 | D:7      | Reached XP level 8. HP: 75/84 MP: 7/7
  5249 | D:7      | Reached skill level 5 in Shields
  5749 | D:7      | Found a glowing silver altar of Zin.
  5880 | D:7      | Noticed a hippogriff
  5887 | D:7      | Killed a hippogriff
  5887 | D:7      | Reached XP level 9. HP: 70/92 MP: 8/8
  5953 | D:7      | Found a runed translucent door.
  5954 | D:7      | Noticed Crazy Yiuf
  5961 | D:7      | Killed Crazy Yiuf
  6244 | D:8      | Found a staircase to the Lair.
  6316 | D:8      | Found Haylloth's Distillery.
  6478 | D:8      | Bought a potion of mutation for 80 gold pieces
  6478 | D:8      | Bought a potion of mutation for 80 gold pieces
  6478 | D:8      | Bought a potion of heal wounds for 50 gold pieces
  6853 | D:8      | Gained mutation: You have somewhat slow reflexes. (EV -5)
                  | [Ru sacrifice]
  6853 | D:8      | Reached **** piety under Ru
  6857 | D:8      | Found a roughly hewn altar of Beogh.
  6881 | D:8      | Gained mutation: You possess an exceptional clarity of
                  | mind. [potion of mutation]
  6881 | D:8      | Gained mutation: You are somewhat resistant to further
                  | mutation. [potion of mutation]
  6881 | D:8      | Gained mutation: You are agile. (Dex +2) [potion of
                  | mutation]
  6937 | D:9      | Reached XP level 10. HP: 82/100 MP: 9/9
  7053 | D:9      | Reached skill level 5 in Throwing
  7237 | D:9      | HP: 1/100 [killer bee (7)]
  7316 | D:9      | Found a radiant altar of Vehumet.
  7631 | D:9      | You fall into a shaft and drop 2 floors!
  7636 | D:10     | Entered Level 10 of the Dungeon
  7836 | D:10     | Noticed a two-headed ogre
  7846 | D:10     | Killed a two-headed ogre
  8056 | D:10     | Found a snail-covered altar of Cheibriados.
  8279 | D:10     | Gained mutation: You cannot be stealthy. [Ru sacrifice]
  8279 | D:10     | Reached ***** piety under Ru
  8759 | D:9      | Reached XP level 11. HP: 81/106 MP: 10/10
  9268 | D:11     | Found a staircase to the Orcish Mines.
  9338 | D:11     | Found a roughly hewn altar of Beogh.
  9345 | D:11     | Found a shadowy altar of Dithmenos.
  9350 | D:11     | Noticed a two-headed ogre
  9377 | D:11     | HP: 4/108 [troll (18)]
  9377 | D:11     | Slain by a troll

Levels and vault maps discovered:
D:1:      minmay_arrival_hallway, layout_basic
D:2:      layout_basic
D:3:      layout_basic, nicolae_overflow_crystal_walls, portal_sewer_entry_d,
          first_ration
D:4:      minmay_chambers_of_fours, layout_cave_pools, lemuel_crystal_altar,
          chequers_serial_rivers_micro_e
D:5:      layout_layer_cave, grunt_temple_overflow_open,
          minmay_temple_entry_stoned_glass, uniq_blork_the_orc
D:6:      layout_basic, marbit_many_paths, overflow_temple_1_default,
          serial_shops, shop, minivault_10, uniq_duvessa, uniq_eustachio,
          uniq_prince_ribbit1
D:7:      layout_loops_corners, zin_academy, grunt_livestock,
          uniq_crazy_yiuf_cottage
D:8:      layout_basic, due_lair_maze_entry_diamond, special_room
          [special_room_orc], serial_shops, nicolae_shop_waterfront
D:9:      layout_gridville, kennysheep_mini
D:10:     layout_basic, basic_altar
D:11:     layout_gridville, minmay_orc_entry_temple_small,
          nicolae_dithmenos_through_a_glass_darkly
